Map: Seeds of Aiur

Players

larsgj

  • Race: Terran Terran
  • Spawn Location: 7:00

A.I. 2 (Medium)

  • Race: Protoss Protoss
  • Spawn Location: 1:00

A.I. 1 (Medium)

  • Race: Protoss Protoss
  • Spawn Location: 1:00

wasp

  • Race: Protoss Protoss
  • Spawn Location: 7:00

VOD

Have the link to the VOD?

Description

Time

  • Played on: Aug. 1, 2021, 2:07 p.m.
  • Length: 10:58
Show
View Real Time Build Order
Export as new Build Order

larsgj Terran 

Build Orders:  

Get SALT Encoding   

  12  0:00  SCV  
  13  0:20  SCV  
  14  0:26  Supply Depot  
  14  0:34  Engineering Bay  
  14  0:49  Barracks  
  14  0:51  SCV  
  15  1:03  SCV  
  16  1:16  SCV  
  17  1:28  SCV  
  18  1:38  Marine  
  19  1:40  SCV  
  20  1:52  SCV  
  21  1:59  Command Center  
  21  2:02  Marine  
  22  2:15  Refinery  
  22  2:18  Refinery  
  22  2:20  Marine  
  23  2:31  Barracks  
  23  2:43  Barracks  
  23  2:51  Supply Depot  
  23  3:10  Marine  
  24  3:13  Supply Depot  
  24  3:26  Barracks Tech Lab  
  24  3:28  Marine  
  24  3:32  Barracks Reactor  
  25  3:38  Supply Depot  
  25  3:42  Supply Depot  
  25  3:46  Marine  
  26  3:59  SCV  
  27  4:04  Refinery  
  27  4:11  SCV  
  27  4:16  Barracks Reactor  
  28  4:19  Refinery  
  28  4:21  Marine x3  
  28  4:23  SCV  
  32  4:26  Terran Infantry Weapons Level 1  
  32  4:33  SCV  
  32  4:35  SCV  
  34  4:39  Marine x3  
  34  4:45  SCV  
  38  4:47  SCV  
  39  4:59  SCV  
  40  5:11  SCV  
  41  5:23  SCV  
  42  5:29  Factory  
  42  5:35  SCV  
  43  5:47  SCV  
  44  6:00  SCV  
  44  6:01  Command Center  
  44  6:07  Marine x2  
  40  6:12  SCV  
  40  6:15  Marine x3  
  43  6:20  Terran Infantry Armor Level 1  
  43  6:24  SCV  
  43  6:25  Marine  
  43  6:35  Marine  
  43  6:36  Marine x3  
  47  6:43  Marine  
  43  6:53  Marine  
  40  6:54  Marine  
  40  6:55  Marine x2  
  40  7:00  Marine  
  39  7:11  Marine  
  39  7:12  Marine x3  
  43  7:18  Marine  
  44  7:29  Marine  
  45  7:30  Marine x3  
  45  7:35  Bunker  
  45  7:36  Marine  
  49  7:41  Bunker  
  49  7:47  Marine  
  49  7:48  Marine x3  
  53  7:59  Marine, Bunker  
  53  8:04  Marine  
  54  8:05  Marine  
  54  8:06  Marine x2  
  54  8:47  Bunker  
  44  9:21  Marine  
  44  9:22  Marine x4  
  46  9:39  Marine x5  
  51  9:47  Armory  
  51  9:57  Marine x5  
  56  10:15  Marine x5  
  61  10:29  Bunker  
  61  10:33  Marine  
Show
View Real Time Build Order
Export as new Build Order

A.I. 2 (Medium) Protoss 

Build Orders:  

Get SALT Encoding   

  12  0:01  Probe  
  13  0:13  Probe  
  14  0:21  Pylon  
  14  0:25  Probe  
  15  0:35  Probe  
  16  0:43  Probe  
  16  0:48  Assimilator  
  17  0:51  Gateway  
  17  0:53  Probe  
  18  1:03  Pylon  
  18  1:30  Gateway  
  18  1:35  Assimilator  
  18  1:41  Cybernetics Core  
  18  1:46  Zealot  
  20  2:06  Pylon  
  20  2:07  Zealot  
  22  2:18  Warp Gate  
  22  2:26  Adept  
  24  2:38  Adept  
  26  2:50  Probe  
  27  2:56  Adept  
  29  2:58  Stalker  
  29  3:00  Pylon  
  29  3:02  Probe  
  32  3:14  Probe  
  33  3:24  Forge  
  33  3:25  Adept  
  33  3:27  Probe  
  36  3:32  Adept  
  38  3:39  Probe  
  39  3:51  Probe  
  40  5:15  Probe  
  40  5:19  Stalker  
  43  5:21  Photon Cannon  
  43  5:24  Photon Cannon  
  43  5:25  Pylon  
  43  5:28  Robotics Facility  
  43  5:30  Stargate  
  43  5:32  Twilight Council, Sentry  
  45  5:36  Gateway  
  45  5:38  Forge  
  45  5:46  Stalker  
  45  5:49  Pylon  
  47  5:59  Stalker  
  49  6:13  Stalker  
  49  6:16  Observer  
  52  6:27  Sentry  
  54  6:38  Observer  
  54  6:39  Nexus  
  53  6:47  Zealot  
  53  7:51  Probe  
  53  7:55  Probe  
  55  7:59  Probe  
  55  8:05  Assimilator  
  56  8:07  Probe  
  56  8:08  Probe  
  56  8:09  Pylon  
  54  8:13  Adept  
  54  8:18  Probe, Pylon  
  54  8:19  Assimilator  
  52  8:20  Probe  
  52  8:26  Adept  
  52  8:27  Probe  
  52  8:32  Probe  
  54  8:35  Probe  
  54  8:40  Stalker  
  57  8:44  Probe  
  57  8:46  Probe  
  57  8:47  Photon Cannon  
  59  8:50  Photon Cannon  
  59  8:52  Photon Cannon  
  59  8:53  Zealot  
  61  8:56  Probe  
  61  8:58  Probe  
  63  9:09  Probe  
  64  9:10  Probe  
  65  9:21  Probe x2  
  67  9:29  Probe  
  67  9:33  Probe  
  67  9:38  Probe  
  69  9:45  Probe  
  71  9:49  Probe  
  72  9:55  Warp Prism  
  72  9:56  Stalker  
  72  9:58  Gateway  
  76  10:00  Robotics Bay  
  76  10:03  Robotics Facility  
  76  10:06  Stargate  
  76  10:12  Pylon, Stalker x2  
  76  10:17  Fleet Beacon  
  76  10:32  Observer  
  77  10:40  Stalker  
  75  10:51  Dark Shrine  
Show
View Real Time Build Order
Export as new Build Order

A.I. 1 (Medium) Protoss 

Build Orders:  

Get SALT Encoding   

  12  0:00  Probe  
  13  0:13  Probe  
  14  0:22  Pylon  
  14  0:25  Probe  
  15  0:36  Probe  
  16  0:44  Probe  
  16  0:47  Assimilator  
  17  0:51  Gateway  
  17  0:53  Probe  
  18  1:00  Pylon  
  18  1:30  Gateway  
  18  1:36  Assimilator  
  18  1:42  Cybernetics Core  
  18  1:45  Zealot  
  20  2:05  Pylon, Zealot  
  20  2:07  Warp Gate  
  22  2:25  Adept  
  24  2:39  Adept  
  26  2:55  Adept  
  26  2:56  Probe, Pylon  
  29  3:08  Probe  
  29  3:09  Adept  
  32  3:20  Probe, Forge  
  32  3:25  Stalker  
  35  3:32  Probe  
  36  3:39  Adept  
  38  3:44  Probe  
  39  3:56  Probe  
  40  5:26  Probe  
  40  5:28  Stalker  
  40  5:30  Photon Cannon  
  40  5:32  Photon Cannon  
  40  5:34  Pylon  
  43  5:36  Robotics Facility  
  43  5:38  Stargate  
  43  5:39  Twilight Council  
  43  5:40  Sentry  
  43  5:42  Gateway  
  45  5:45  Forge  
  45  5:52  Probe, Stalker  
  45  5:54  Pylon  
  48  6:05  Stalker  
  50  6:17  Observer, Sentry  
  53  6:29  Sentry  
  55  6:35  Observer  
  56  6:40  Nexus  
  56  7:52  Probe x2  
  58  8:02  Probe  
  58  8:04  Probe  
  58  8:05  Assimilator  
  59  8:08  Pylon  
  59  8:09  Pylon  
  59  8:11  Assimilator  
  60  8:14  Probe  
  60  8:16  Probe  
  62  8:23  Probe  
  63  8:28  Probe  
  63  8:31  Probe  
  63  8:34  Photon Cannon  
  64  8:36  Photon Cannon  
  64  8:38  Photon Cannon  
  64  8:40  Probe x2  
  67  8:50  Probe  
  67  8:53  Probe  
  69  8:59  Probe  
  69  9:05  Probe  
  69  9:07  Probe  
  69  9:09  Zealot  
  66  9:18  Probe  
  66  9:19  Probe  
  66  9:22  Zealot  
  70  9:30  Probe  
  72  9:31  Probe  
  72  9:42  Probe  
  73  9:51  Warp Prism  
  73  9:52  Void Ray  
  79  9:54  Gateway  
  79  9:58  Templar Archives  
  79  10:01  Robotics Facility  
  79  10:07  Stargate  
  79  10:11  Stalker x2  
  79  10:14  Dark Shrine  
  79  10:24  Observer  
  79  10:26  Pylon  
  80  10:37  High Templar  
  76  10:49  High Templar  
Show
View Real Time Build Order
Export as new Build Order

wasp Protoss 

Build Orders:  

Get SALT Encoding   

  12  0:18  Assimilator  
  12  0:59  Pylon  
  12  1:01  Pylon  
  12  1:05  Pylon  
  12  1:07  Pylon  
  12  1:10  Pylon  
  12  1:15  Pylon  
  12  1:23  Pylon  
  12  2:01  Gateway  
  12  2:16  Forge  
  12  2:18  Probe  
  13  2:30  Probe  
  14  2:42  Probe  
  15  2:54  Probe  
  16  3:28  Cybernetics Core  
  16  3:30  Zealot  
  18  3:57  Zealot  
  20  4:03  Protoss Shields Level 1  
  20  4:23  Warp Gate  
  20  4:24  Zealot  
  22  4:42  Stargate  
  22  4:51  Zealot, Robotics Facility  
  24  5:00  Assimilator  
  24  5:18  Zealot  
  26  5:48  Fleet Beacon  
  26  5:59  Observer  
  27  6:12  Protoss Ground Weapons Level 1  
  27  6:21  Zealot  
  3  8:34  Pylon  
  3  8:39  Pylon  
  3  8:50  Nexus  
  3  9:47  Nexus  
  3  10:32  Observer  
Tags
 
Add a new tag
Caveats
  • Supply blocks, unpowered buildings, or Contaminate may cause inaccurate times.
  • Supply counts are checked every 10 seconds.